 Dungeon Crawl Stone Soup version 0.19-a0-1155-gb6eeeff (webtiles) character file.

9856 bullock the Fighter (level 11, -1/76 HPs)
             Began as a Demonspawn Wanderer on Aug 7, 2016.
             Was an Initiate of Makhleb.
             Slain by a stone giant (18 damage)
             ... on level 1 of the Orcish Mines on Aug 13, 2016.
             The game lasted 00:52:06 (16135 turns).

bullock the Fighter (Demonspawn Wanderer)          Turns: 16135, Time: 00:52:07

Health: -1/76      AC: 13    Str: 17    XL:     11   Next: 28%
Magic:  0/21       EV: 11    Int: 14    God:    Makhleb [......]
Gold:   754        SH:  0    Dex: 11    Spells: 4 memorised, 14 levels left

rFire  + . .     SeeInvis .     c - +14 plutonium sword {*Contam Stlth-}
rCold  . . .     Gourm    .     z - +1 leather armour {rF+}
rNeg   . . .     Faith    .     (shield currently unavailable)
rPois  .         Spirit   +     J - +0 helmet
rElec  .         Dismiss  .     q - +0 cloak
rCorr  .         Reflect  .     u - +2 pair of gloves
MR     +++..     Harm     .     (no boots)
Stlth  ..........               n - amulet of guardian spirit
                                M - +6 ring of slaying
                                F - ring of protection from magic

@: very slightly contaminated, repel missiles, invisible
A: claws 2, hooves 2, rough black scales 2, agile 1, deformed body, dopey 1,
frail 2, magic resistance 2, powered by pain 1, shaggy fur 1, slow regeneration
1, strong 1
a: Renounce Religion


You were on level 1 of the Orcish Mines.
You worshipped Makhleb.
Makhleb was noncommittal.
You were not hungry.

You visited 3 branches of the dungeon, and saw 14 of its levels.

You collected 754 gold pieces.

Inventory:

Hand Weapons
 c - the +14 plutonium sword (weapon) {*Contam Stlth-}
   (You took it off a centaur on level 8 of the Dungeon)

   It causes magical contamination when unequipped.
   It makes you less stealthy.
 B - a +2 demon trident of venom
Armour
 q - a +0 cloak (worn)
 u - a +2 pair of gloves (worn)
 z - a +1 leather armour of fire resistance (worn)
 J - a +0 helmet (worn)
Rods
 d - a +0 rod of inaccuracy (11/11)
   (You found it on level 7 of the Dungeon)
Jewellery
 e - an uncursed ring of protection from fire
 i - an uncursed ring of positive energy
 n - an amulet of guardian spirit (around neck)
 v - an uncursed amulet of magic regeneration
 F - a ring of protection from magic (left hand)
 H - an uncursed ring of protection from cold
 M - a +6 ring of slaying (right hand)
Wands
 j - a wand of digging (12/24)
 w - a wand of iceblast (0/15)
 x - a wand of flame (4/48)
 y - a wand of hasting (8/9)
 A - a wand of confusion (12/48)
Scrolls
 k - 2 scrolls of blinking
 m - a scroll of immolation
 r - a scroll of fog
 t - 5 scrolls of amnesia
 I - 7 scrolls of remove curse
 K - a scroll of fear
 L - a scroll of identify
 P - a scroll of enchant armour
 S - a scroll of magic mapping
Potions
 g - a potion of brilliance
 h - a potion of mutation
 p - 2 potions of flight {unknown}
 s - a potion of curing
 C - a potion of magic
 D - 4 potions of resistance {unknown}
 G - a potion of ambrosia {unknown}
Books
 a - a book of Minor Magic

   Spells                             Type                      Level
   a - Magic Dart                     Conjuration                  1
   b - Blink                          Translocation                2
   c - Call Imp                       Summoning                    2
   d - Repel Missiles                 Charms/Air                   2
   e - Slow                           Hexes                        2
   f - Conjure Flame                  Conjuration/Fire             3
   g - Mephitic Cloud                 Conjuration/Poison/Air       3
 b - a book of the Tempests

   Spells                             Type                      Level
   a - Static Discharge               Conjuration/Air              3
   b - Lightning Bolt                 Conjuration/Air              5
   c - Fireball                       Conjuration/Fire             5
   d - Tornado                        Air                          9
   e - Shatter                        Earth                        9
 E - a book of Ice

   Spells                             Type                      Level
   a - Ice Form                       Ice/Transmutation            4
   b - Metabolic Englaciation         Hexes/Ice                    5
   c - Ozocubu's Refrigeration        Ice                          6
   d - Bolt of Cold                   Conjuration/Ice              6
   e - Freezing Cloud                 Conjuration/Ice/Air          6
   f - Simulacrum                     Ice/Necromancy               6
Comestibles
 f - 4 bread rations
 l - 5 fruits
 N - a slice of pizza
 O - 3 meat rations


   Skills:
 - Level 12.0 Fighting
 + Level 7.3 Long Blades
   Level 1.7 Bows
 - Level 1.0 Armour
   Level 3.3 Shields
 - Level 7.2 Spellcasting
 - Level 5.0 Translocations
 - Level 1.7 Air Magic
 - Level 1.0 Evocations


You had 14 spell levels left.
You knew the following spells:

 Your Spells              Type           Power        Failure   Level  Hunger
f - Conjure Flame         Conj/Fire      #.......     58%         3    ##.....
q - Blink                 Tloc           N/A          3%          2    None
r - Mephitic Cloud        Conj/Pois/Air  #.......     45%         3    ##.....
v - Repel Missiles        Chrm/Air       #.....       21%         2    None


Dungeon Overview and Level Annotations

Branches:
Dungeon (12/15)            Temple (1/1) D:6            Lair (0/6) D:10
    Orc (1/2) D:11

Altars:
Cheibriados
Elyvilon
Fedhas
Gozag
Kikubaaqudgha
Makhleb
Nemelex Xobeh
Okawaru
Pakellas
Qazlal
Ru
Vehumet
Zin
The Shining One

Shops:
D:10 (

Annotations:
D:4 Edmund
D:6 1 runed door, JustSomeDude's ghost, novice DsFi


Innate Abilities, Weirdness & Mutations

You have very sharp fingernails.
You are mostly covered in rough black scales. (AC +5, Dex -2)
You sometimes gain a little power by taking damage.
You have hoof-like feet.
You are agile. (Dex +2)
Armour fits poorly on your strangely shaped body.
You are dopey. (Int -2)
You are very frail. (-20% HP)
You are highly resistant to hostile enchantments. (MR++)
You are covered in fur. (AC +1)
You regenerate slowly when monsters are visible.
Your muscles are strong. (Str +2)


Message History

The large rock hits you!!
* * * LOW HITPOINT WARNING * * *
Found 4 gold pieces.
You see here a large rock.
You fade into invisibility!
Your giant cockroach bites the stone giant but does no damage. x2
The stone giant hits your giant cockroach!!
Your giant cockroach dies!
Your giant cockroach's corpse disappears in a puff of smoke!
You are very lightly contaminated with residual magic.
Your giant cockroach bites the stone giant but does no damage.
Your giant cockroach bites the stone giant but does no damage.
The stone giant closely misses you.
You riposte.
You hit the stone giant but do no damage.
Your giant cockroach bites the stone giant but does no damage.
You slice the stone giant!! You kick the stone giant.
The stone giant is moderately wounded.
Your giant cockroach bites the stone giant but does no damage.
The stone giant hits you!!
You die...

## ##.### ..
###....##.$
##..........
#...........
##.#Cs......
#...@.......
##....#.....
#..((.#.....
#(.......$..
##(.........
###........
##.........
#..........
#.†........


You could see a stone giant and a friendly giant cockroach.

Vanquished Creatures
  2 hill giants
  An ugly thing (D:11)
  A manticore (D:12)
  Joseph (D:7)
  A troll (Orc:1)
  2 two-headed ogres
  The ghost of Leszczynek the Cudgeler, an amateur OgCj of Makhleb (D:4)
  4 yaks (D:10)
  Sigmund (D:5)
  2 wyverns
  A hippogriff (D:10)
  3 hungry ghosts
  A soldier ant (D:10)
  2 wargs (D:10)
  4 orc warriors
  2 sky beasts
  A black bear (D:6)
  4 phantoms
  An ice beast (D:7)
  7 ogres
  A crocodile (D:11)
  8 centaurs
  2 big kobolds (D:10)
  6 giant frogs
  5 scorpions
  4 howler monkeys
  5 crimson imps
  A giant frog zombie (D:7)
  A wasp zombie (D:7)
  7 hounds
  2 centaur zombies
  A giant frog skeleton (D:11)
  9 orc priests
  A centaur skeleton (D:7)
  6 jellies
  14 orc wizards
  Terence (D:2)
  3 iguanas
  Ijyb (D:3)
  2 worker ants
  2 hound skeletons
  A worker ant zombie (D:5)
  8 gnolls
  11 adders
  6 shadow imps
  3 oozes
  2 adder zombies
  An adder skeleton (D:4)
  4 worms
  2 dart slugs
  10 giant geckos
  34 orcs
  A ball python (D:2)
  8 giant cockroaches
  4 goblins
  7 hobgoblins
  3 jackals (D:11)
  2 quokkas
  5 bats
  6 giant newts
  2 jackal skeletons (D:4)
  16 kobolds
  A quokka skeleton (D:8)
  9 rats
270 creatures vanquished.

Vanquished Creatures (others)
  A quokka (D:4)
  A plant (D:10)
2 creatures vanquished.

Grand Total: 272 creatures vanquished

Notes
Turn   | Place    | Note
-------+----------+-------------------------------------------
     0 | D:1      | bullock the Demonspawn Wanderer began the quest for the Orb.
     0 | D:1      | bullock set off with: a book of Minor Magic, a +0 shortbow, 23 arrows, a potion of curing, a +0 robe, a bread ration
     0 | D:1      | Reached XP level 1. HP: 16/16 MP: 2/2
   318 | D:1      | Gained mutation: You are partially covered in rough black scales. (AC +2, Dex -1) [demonic ancestry]
   318 | D:1      | Reached XP level 2. HP: 12/23 MP: 3/3
   648 | D:1      | Reached skill level 3 in Fighting
  1156 | D:1      | Gained mutation: You sometimes gain a little power by taking damage. [demonic ancestry]
  1156 | D:1      | Reached XP level 3. HP: 22/29 MP: 4/4
  1585 | D:2      | Reached skill level 4 in Fighting
  1858 | D:2      | Noticed Terence
  1866 | D:2      | Killed Terence
  1866 | D:2      | Reached XP level 4. HP: 26/38 MP: 5/5
  2089 | D:2      | Reached skill level 5 in Fighting
  2493 | D:2      | Reached XP level 5. HP: 44/44 MP: 6/6
  2997 | D:3      | Gained mutation: You are resistant to hostile enchantments. (MR+) [potion of mutation]
  2997 | D:3      | Gained mutation: Armour fits poorly on your strangely shaped body. [potion of mutation]
  2997 | D:3      | Gained mutation: Your muscles are strong. (Str +2) [potion of mutation]
  2998 | D:3      | Gained mutation: You have large cloven feet. [potion of mutation]
  2998 | D:3      | Gained mutation: You regenerate slowly when monsters are visible. [potion of mutation]
  3041 | D:3      | Found a sparkling altar of Nemelex Xobeh.
  3356 | D:3      | Noticed Ijyb
  3367 | D:3      | Killed Ijyb
  3751 | D:4      | Reached skill level 6 in Fighting
  4082 | D:4      | Noticed Edmund
  4352 | D:4      | Gained mutation: You are mostly covered in rough black scales. (AC +5, Dex -2) [demonic ancestry]
  4352 | D:4      | Reached XP level 6. HP: 33/53 MP: 7/7
  4809 | D:4      | Reached skill level 7 in Fighting
  5091 | D:4      | Gained mutation: You have sharp fingernails. [demonic ancestry]
  5091 | D:4      | Reached XP level 7. HP: 39/61 MP: 8/8
  5161 | D:4      | Found a white marble altar of Elyvilon.
  5183 | D:4      | Noticed Leszczynek's ghost (amateur OgCj)
  5195 | D:4      | Killed Leszczynek's ghost
  5195 | D:4      | Reached skill level 8 in Fighting
  5761 | D:5      | Entered Level 5 of the Dungeon
  5969 | D:5      | Learned a level 2 spell: Blink
  5972 | D:5      | Learned a level 2 spell: Repel Missiles
  6164 | D:5      | Noticed Sigmund
  6185 | D:5      | Killed Sigmund
  6185 | D:5      | Reached skill level 9 in Fighting
  6185 | D:5      | Reached XP level 8. HP: 45/71 MP: 9/9
  6747 | D:5      | Found an iron altar of Okawaru.
  7347 | D:6      | Noticed JustSomeDude's ghost (novice DsFi)
  7679 | D:5      | Upgraded the game from 0.19-a0-1091-g463c9de to 0.19-a0-1155-gb6eeeff
  7833 | D:6      | Found a staircase to the Ecumenical Temple.
  8364 | D:6      | Found a runed door.
  8409 | D:6      | Found a sacrificial altar of Ru.
  8409 | D:6      | Found a glowing golden altar of the Shining One.
  8410 | D:6      | Found a blossoming altar of Fedhas.
  8715 | D:7      | Reached skill level 1 in Translocations
  8997 | D:7      | Reached skill level 10 in Fighting
  9012 | D:7      | Noticed Joseph
  9040 | D:7      | Killed Joseph
  9040 | D:7      | Gained mutation: You have very sharp fingernails. [demonic ancestry]
  9040 | D:7      | Reached XP level 9. HP: 10/78 MP: 14/14
  9601 | D:7      | Identified a +0 rod of inaccuracy (11/11) (You found it on level 7 of the Dungeon)
 11247 | D:8      | HP: 4/118 [centaur/the +14 plutonium sword {*Contam Stlth-} (11)]
 11381 | D:10     | Entered Level 10 of the Dungeon
 11615 | D:10     | Reached skill level 5 in Spellcasting
 11919 | D:9      | Learned a level 3 spell: Mephitic Cloud
 11923 | D:9      | Learned a level 3 spell: Conjure Flame
 12123 | D:9      | Reached skill level 1 in Long Blades
 12124 | D:9      | Reached skill level 11 in Fighting
 12202 | D:9      | Found an opulent altar of Gozag.
 12356 | D:9      | Reached skill level 5 in Translocations
 12356 | D:9      | Reached XP level 10. HP: 87/87 MP: 18/18
 12822 | D:10     | Noticed a hill giant
 13295 | D:10     | Found a staircase to the Lair.
 13309 | D:10     | HP: 4/88 [warg (6)]
 13343 | D:10     | Found Byugontu's Weapon Shop.
 13846 | D:10     | Killed a hill giant
 13861 | D:10     | Gained mutation: You have hoof-like feet. [mutagenic meat]
 13864 | D:10     | Gained mutation: You are frail. (-10% HP) [mutagenic meat]
 13867 | D:10     | Gained mutation: You are agile. (Dex +2) [mutagenic meat]
 13870 | D:10     | Gained mutation: You are covered in fur. (AC +1) [mutagenic meat]
 13873 | D:10     | Gained mutation: You are dopey. (Int -2) [mutagenic meat]
 13876 | D:10     | Gained mutation: You are highly resistant to hostile enchantments. (MR++) [mutagenic meat]
 14063 | D:11     | Noticed a hill giant
 14076 | D:11     | Found a staircase to the Orcish Mines.
 14077 | D:11     | Killed a hill giant
 14077 | D:11     | Reached skill level 12 in Fighting
 14525 | D:11     | Reached skill level 5 in Long Blades
 14563 | D:11     | Reached XP level 11. HP: 66/85 MP: 16/21
 14728 | Temple   | Entered the Ecumenical Temple
 14741 | Temple   | Became a worshipper of Makhleb the Destroyer
 15403 | D:11     | Noticed a green ugly thing
 15409 | D:11     | Killed a green ugly thing
 15423 | D:11     | Gained mutation: You are very frail. (-20% HP) [mutagenic meat]
 15493 | D:12     | Noticed an eight-headed hydra
 15642 | D:12     | Noticed a purple ugly thing
 16008 | D:12     | Noticed a tengu reaver
 16026 | D:12     | Noticed a death knight
 16079 | Orc:1    | Entered Level 1 of the Orcish Mines
 16125 | Orc:1    | Noticed a stone giant
 16135 | Orc:1    | Slain by a stone giant

Vault maps used:
D:1:      shiori_arrival_elements, grunt_decor_resistance
D:2:      serial_bayou_ford_a, uniq_terence
D:3:      nemelex_spade_bored_becter, uniq_iyjb
D:4:      gup_sewer_entry_bubbles, elyvilon_altar_4, uniq_edmund
D:5:      first_bread, hangedman_abyss_or_decor_lesser_grid, okawaru_trees_1,
          uniq_sigmund
D:6:      gammafunk_temple_overflow_claw, gammafunk_pakellas_cloud_experiment,
          uniq_crazy_yiuf_cottage
D:7:      nrook_loot_triangle, uniq_joseph
D:9:      grunt_gozag_statues
D:10:     erik_lair_orcish_takeover, serial_shops, shop
D:11:     orc_0_dummy
D:12:     minmay_glassy_protrusions, minmay_misc_feat_enclosed
Temple:   compressed_dpeg_circular_temple

Skill      XL: |  1  2  3  4  5  6  7  8  9 10 11 |
---------------+----------------------------------+-----
Fighting       | 3 4 5 6 7 9 10 11 12 | 12.0
Shields        | 2 3 |  3.3
Spellcasting   | 3 5 7 |  7.2
Translocations | 2 5 |  5.0
Long Blades    | 1 5 7 |  7.3
Bows           | |  1.7
Armour         | |  1.0
Air Magic      | |  1.7
Evocations     | |  1.0

Action                   |  1- 3 |  4- 6 |  7- 9 | 10-12 || total
-------------------------+-------+-------+-------+-------++-------
Melee: Dagger            |   109 |       |       |       ||   109
       Mace              |       |     7 |       |       ||     7
       Long sword        |       |   121 |   611 |       ||   732
       Kick              |       |    22 |   155 |    44 ||   221
       Triple sword      |       |       |    63 |   208 ||   271
 Fire: Shortbow          |    69 |   190 |    14 |       ||   273
 Cast: Repel Missiles    |       |       |     2 |     3 ||     5
       Blink             |       |       |     3 |     4 ||     7
Evoke: Wand              |       |       |    11 |     5 ||    16
       Sack of spiders   |       |       |       |     2 ||     2
  Use: Scroll            |       |     5 |     2 |    13 ||    20
       Potion            |       |     4 |     7 |     4 ||    15
 Stab: Confused          |       |       |       |     1 ||     1
  Eat: Chunk             |     3 |     8 |    17 |    19 ||    47
       Royal jelly       |       |     1 |     1 |       ||     2
       Meat ration       |       |       |     2 |       ||     2
       Fruit             |       |       |     2 |       ||     2
       Pizza             |       |       |     1 |       ||     1
       Beef jerky        |       |       |     1 |     1 ||     2
       Bread ration      |       |       |       |     1 ||     1
Armor: Robe              |     5 |       |       |       ||     5
       Leather armour    |    31 |    90 |   285 |    74 ||   480
       Scale mail        |       |    28 |       |       ||    28
       Skin              |       |       |    14 |       ||    14
Dodge: Dodged            |    65 |   124 |   286 |   131 ||   606
       Deflected         |       |       |     1 |     4 ||     5
Block: Buckler           |       |       |    87 |       ||    87
